 Dungeon Crawl Stone Soup version 0.21.1-1-g345015f (webtiles) character file.

2311 bosm the Quickloader (level 9, -8/56 HPs)
             Began as a Kobold Hunter on Apr 1, 2018.
             Mangled by a wraith (12 damage)
             ... on level 7 of the Dungeon.
             The game lasted 00:18:26 (6532 turns).

bosm the Quickloader (Kobold Hunter)                Turns: 6532, Time: 00:18:27

Health: -8/56      AC: 11    Str:  9    XL:     9   Next: 68%
Magic:  9/9        EV: 17    Int: 13    God:
Gold:   339        SH:  3    Dex: 18    Spells: 7/8 levels left

rFire    . . .     SeeInvis +   a - +0 rapier
rCold    . . .     Gourm    .   (shield restricted)
rNeg     . . .     Faith    .   m - +1 ring mail
rPois    .         Spirit   .   (no helmet)
rElec    .         Reflect  +   i - +2 cloak
rCorr    .         Harm     .   g - +0 pair of gloves
MR       .....                  c - +0 pair of boots
Stlth    ++........             k - +3 amulet of reflection
HPRegen  0.18/turn              u - ring of see invisible
MPRegen  0.11/turn              (no ring)

@: slowed, very slow
A: small, carnivore
a: no special abilities


You were on level 7 of the Dungeon.
You were very full.

You visited 2 branches of the dungeon, and saw 9 of its levels.

You collected 339 gold pieces.

Inventory:

Hand Weapons
 a - a +0 rapier (weapon)
 w - a +1 hand crossbow
Armour
 c - a +0 pair of boots (worn)
 g - a +0 pair of gloves (worn)
 i - a +2 cloak (worn)
 m - a +1 ring mail (worn)
Jewellery
 k - a +3 amulet of reflection (around neck)
 u - a ring of see invisible (left hand)
Scrolls
 b - a scroll of remove curse
 e - a scroll of teleportation
 l - a scroll of amnesia
 q - a scroll of identify
Potions
 n - a potion of curing
Comestibles
 f - 12 rations


   Skills:
 * Level 6.6 Fighting
 + Level 7.0 Short Blades
 - Level 10.0 Crossbows
 + Level 7.0 Dodging
 + Level 3.0 Stealth


You had 7 spell levels left.
You knew the following spells:

 Your Spells              Type           Power        Failure   Level  Hunger
q - Apportation           Tloc           #.....       65%         1    ##.....


Dungeon Overview and Level Annotations

Branches:
Dungeon (8/15)             Temple (1/1) D:6
   Lair: D:8-11

Altars:
Ashenzari
Cheibriados
Dithmenos
Elyvilon
Fedhas
Gozag
Hepliaklqana
Kikubaaqudgha
Makhleb
Nemelex Xobeh
Okawaru
Qazlal
Ru
Sif Muna
Trog
Vehumet
Wu Jian
Xom
Yredelemnul
Zin
The Shining One

Annotations:
D:7 tidbits's ghost, novice GnIE
D:8 Grum


Innate Abilities, Weirdness & Mutations

You are small and have problems with some larger weapons.
You are carnivorous and can eat meat at any time.


Message History

The wraith closely misses you. The wraith barely misses you.
You closely miss the wraith.
The wraith is severely damaged.
The wraith hits you but does no damage.
You hit the wraith but do no damage.
The wraith is severely damaged.
The wraith completely misses you.
You hit the wraith but do no damage.
The wraith is severely damaged.
The wraith hits you.
* * * LOW HITPOINT WARNING * * *
The wraith drains your vigour!
You feel as though you will be slow longer.
You closely miss the wraith.
The wraith is severely damaged.
The wraith barely misses you.
You hit the wraith.
The wraith is severely damaged.
The wraith hits you!
You die...

# # ### # ### ##.##
# #.#####...##### #
#.............# #
##.####....##.#
#####.####.......#
.............###.#
... ...##..###...#
#@# ..# .......#
#....##W########..#
.......#
#....#............#
.......#
#.##............#.#
#..#...# .#
#...........#.#
....##.##..
##.........##.#
....# ...
#........<##.#
.#..##.###
#.(........#.#
.##......#
#............#


You could see a wraith.

Vanquished Creatures
  The ghost of Verendum the Covert, a novice OpFi of Elyvilon (D:6)
  The ghost of ZomBoFoB the Slasher, an amateur DsCK of Xom (D:3)
  A water moccasin (D:7)
  A black bear (D:6)
  2 ogres
  A wolf (D:7)
  2 centaurs
  2 bullfrogs
  A crimson imp (D:5)
  A hound (D:5)
  2 orc priests (D:3)
  A centaur skeleton (D:5)
  A jelly (D:7)
  2 bullfrog skeletons
  Crazy Yiuf (D:5)
  5 orc wizards
  8 worker ants
  A hound skeleton (D:2)
  12 gnolls
  7 adders
  A howler monkey skeleton (D:7)
  A shadow imp (D:7)
  2 oozes
  5 worms
  A dart slug (D:3)
  4 leopard geckos
  11 orcs
  3 ball pythons
  3 giant cockroaches
  7 goblins
  3 hobgoblins
  6 jackals (D:3)
  5 quokkas
  5 bats
  A frilled lizard (D:1)
  3 kobolds
  A leopard gecko skeleton (D:4)
  4 rats (D:3)
119 creatures vanquished.

Notes
Turn   | Place    | Note
-------+----------+-------------------------------------------
     0 | D:1      | bosm the Kobold Hunter began the quest for the Orb.
     0 | D:1      | Reached XP level 1. HP: 12/12 MP: 1/1
   154 | D:1      | Reached skill level 5 in Crossbows
   310 | D:1      | Reached XP level 2. HP: 9/17 MP: 2/2
  1130 | D:2      | Reached skill level 1 in Short Blades
  1179 | D:2      | Reached XP level 3. HP: 22/22 MP: 3/3
  1465 | D:2      | Reached XP level 4. HP: 27/27 MP: 4/4
  1973 | D:2      | Found a stormy altar of Qazlal.
  1975 | D:2      | Noticed an earth elemental
  1975 | D:2      | Noticed a fire elemental
  1976 | D:2      | Noticed a water elemental
  1976 | D:2      | Noticed an air elemental
  2013 | D:2      | Learned a level 1 spell: Apportation
  2040 | D:3      | Reached skill level 6 in Crossbows
  2066 | D:3      | Reached XP level 5. HP: 32/32 MP: 5/5
  2143 | D:3      | Found an ancient bone altar of Kikubaaqudgha.
  2293 | D:3      | Noticed ZomBoFoB's ghost (amateur DsCK)
  2603 | D:4      | Found a sparkling altar of Nemelex Xobeh.
  2795 | D:4      | Noticed an ogre
  2818 | D:3      | Reached XP level 6. HP: 37/37 MP: 6/6
  3095 | D:3      | Reached skill level 7 in Crossbows
  3227 | D:3      | Killed ZomBoFoB's ghost
  3227 | D:3      | Reached XP level 7. HP: 19/43 MP: 7/7
  3845 | D:4      | Reached skill level 8 in Crossbows
  3845 | D:4      | Reached XP level 8. HP: 46/48 MP: 8/8
  3964 | D:5      | Entered Level 5 of the Dungeon
  3978 | D:5      | Found a shimmering altar of Xom.
  4037 | D:5      | Reached skill level 5 in Dodging
  4210 | D:5      | Reached skill level 5 in Short Blades
  4330 | D:5      | Found a runed door.
  4368 | D:5      | Noticed Crazy Yiuf
  4371 | D:5      | Killed Crazy Yiuf
  4572 | D:6      | Reached skill level 5 in Fighting
  4784 | D:6      | Reached skill level 9 in Crossbows
  4830 | D:6      | Noticed Verendum's ghost (novice OpFi)
  4846 | D:6      | Killed Verendum's ghost
  4846 | D:6      | Reached skill level 10 in Crossbows
  4846 | D:6      | Reached XP level 9. HP: 23/55 MP: 9/9
  5049 | D:6      | Found an opulent altar of Gozag.
  5297 | D:6      | Found a staircase to the Ecumenical Temple.
  5306 | Temple   | Entered the Ecumenical Temple
  5613 | D:7      | Noticed tidbits's ghost (novice GnIE)
  5817 | D:7      | Found a snail-covered altar of Cheibriados.
  6196 | D:7      | Found a radiant altar of Vehumet.
  6196 | D:7      | Found an iron altar of Okawaru.
  6219 | D:7      | Found a shattered altar of Ashenzari.
  6221 | D:7      | Found a hazy altar of Hepliaklqana.
  6221 | D:7      | Found a basalt altar of Yredelemnul.
  6432 | D:8      | Noticed Grum
  6532 | D:7      | Mangled by a wraith

Skill      XL: |  1  2  3  4  5  6  7  8  9 |
---------------+----------------------------+-----
Crossbows      | 5 6 7 8 10 | 10.0
Short Blades   | 1 2 3 4 6 7 |  7.0
Dodging        | 3 4 6 7 |  7.0
Fighting       | 3 4 5 6 |  6.6
Stealth        | 3 |  3.0

Action                   |  1- 3 |  4- 6 |  7- 9 || total
-------------------------+-------+-------+-------++-------
Melee: Short sword       |    38 |    29 |    30 ||    97
       Rapier            |       |       |    85 ||    85
 Fire: Hand crossbow     |    26 |   132 |   223 ||   381
Evoke: Wand              |       |       |     1 ||     1
  Use: Potion            |       |     9 |     3 ||    12
       Scroll            |       |     6 |     4 ||    10
 Stab: Sleeping          |     1 |       |       ||     1
  Eat: Chunk             |     3 |    12 |     9 ||    24
Armor: Leather armour    |     2 |       |       ||     2
       Ring mail         |    15 |    43 |    65 ||   123
Dodge: Dodged            |    47 |    87 |   206 ||   340
Block: Other             |       |    15 |    36 ||    51
